 Dungeon Crawl Stone Soup version 0.28-b1-25-g9875b3fc8c (webtiles) character file.

Game seed: 18377330271558962365

606 Lathuz the Covered (level 7, 0/39 HPs)
             Began as a Gargoyle Fighter on Feb 3, 2022.
             Was a Believer of Hepliaklqana.
             Slain by an orc (3 damage)
             ... on level 4 of the Dungeon.
             The game lasted 00:12:00 (4335 turns).

Lathuz the Covered (Gargoyle Fighter)               Turns: 4335, Time: 00:12:01

Health: 0/39       AC: 12    Str: 21    XL:     7   Next: 42%
Magic:  7/7        EV:  9    Int:  9    God:    Hepliaklqana [**....]
Gold:   39         SH:  0    Dex:  9    Spells: 6/6 levels left

rFire   . . .      SeeInvis .   l - +0 flail
rCold   . . .      Faith    .   c - +0 buckler
rNeg    + + .      Spirit   .   b - +0 scale mail
rPois   ∞          Reflect  .   (no helmet)
rElec   +          Harm     .   (no cloak)
rCorr   .          Rampage  .   (no gloves)
Will    .....                   (no boots)
Stlth   ..........              (no amulet)
HPRegen 0.13/turn               m - ring of flight
MPRegen 0.10/turn               h - ring of positive energy

@: confused, flying
A: reduced essence, sickness immunity, AC +4, negative energy resistance 1,
electricity resistance, torment resistance 1, petrification resistance
a: Renounce Religion, Recall Ancestor, Ancestor Identity


You were on level 4 of the Dungeon.
You worshipped Hepliaklqana.
Hepliaklqana was pleased with you.
You visited 1 branch of the dungeon, and saw 4 of its levels.

You collected 121 gold pieces.
You spent 82 gold pieces at shops.

Inventory:

Hand Weapons
 l - a +0 flail (weapon)
Missiles
 o - 6 poisoned darts
 s - 133 stones (quivered)
Armour
 b - a +0 scale mail (worn)
 c - a +0 buckler (worn)
Jewellery
 d - a +6 ring of intelligence
 h - a ring of positive energy (right hand)
 m - a ring of flight (left hand)
Scrolls
 g - a scroll of identify {unknown}
 k - 2 scrolls of holy word {unknown}
 D - a scroll of blinking
 F - a scroll of fog
 K - a scroll of immolation
 Y - 2 scrolls of teleportation {@r3}
Potions
 a - a potion of haste {unknown}
 e - a potion of degeneration {unknown}
 f - a potion of lignification {unknown}
 i - a potion of brilliance {unknown}
 j - a potion of flight {unknown}
 n - a potion of berserk rage {unknown}
 M - a potion of might


   Skills:
 + Level 4.9 Fighting
 - Level 2.9(3.7) Axes
 * Level 3.9(4.5) Maces & Flails
 + Level 5.0 Armour
 + Level 5.0 Shields


You had 6 spell levels left.
You didn't know any spells.
Your spell library was empty.

Dungeon Overview and Level Annotations

Branches:
Dungeon (4/15)
 Temple: D:4-7

Altars:
Dithmenos
Hepliaklqana

Shops:
D:3 [   D:4 ?


Innate Abilities, Weirdness & Mutations

Your life essence is reduced to manifest your ancestor. (-10% HP)
You are immune to sickness and miasma.
Your stone body is resilient. (AC +4)
You are immune to poison.
You resist negative energy. (rN+)
You are resistant to electric shocks. (rElec)
You are resistant to unholy torment.
You are immune to petrification.


Message History

The orc wizard is almost dead.
The orc wizard gestures at you while chanting.
You resist with some effort.
You barely miss the orc wizard.
The orc wizard is almost dead.
The orc wizard gestures at you while chanting.
You resist with some effort.
You miss the orc wizard.
The orc wizard is almost dead.
You barely miss the orc wizard.
The orc wizard is almost dead.
The orc wizard gestures wildly while chanting.
The orc wizard flickers and vanishes!
Deactivating autopickup; reactivate with Ctrl-A.
You hit the orc.
The orc is almost dead.
The orc hits you with a +0 short sword. Something hits you.
You miss something. The orc hits you with a +0 short sword.
You miss something. You barely miss something. Something hits you.
The orc hits you with a +0 short sword.
You barely miss something. The orc hits you with a +0 short sword.
You hear some strange, mumbled words.
You are confused.
Jenske blocks your attack.
You barely miss something.
You hear some strange, mumbled words.
A puff of flame appears from out of thin air!
The puff of flame hits you!
* * * LOW HITPOINT WARNING * * *
The orc hits you with a +0 short sword.
* * * LOW HITPOINT WARNING * * *
You closely miss something. Something hits you.
* * * LOW HITPOINT WARNING * * *
Okay, then.
You are too confused!
You thump Jenske!
Jenske is heavily damaged.
The orc hits you with a +0 short sword.
You die...

#.............#.........#.#....
#.[...........#........#...#...
#.............#.......#..∩.o#..
#.............#........#...#o..
#.............#....>....#.#o...
#.............#..........#.....
#.............#............#...
#.............#{.........######
#............R@o.........######
#..)).........#..........##...#
#..).)........#..........##.>.#
#.............#......######...#
#.............#......######...#
#.............#......##....(...
#.............#......##.>...⌠..
#.............#......##........
#.............#......######.#.#


You could see the friendly Jenske the knight and an orc.

Vanquished Creatures
  Menkaure (D:4)
  An ogre (D:4)
  A water moccasin skeleton (D:4)
  An iguana (D:4)
  2 gnolls (D:4)
  5 adders
  3 worms (D:2)
  2 dart slugs
  7 orcs
  2 endoplasms (D:1)
  2 giant cockroaches
  5 goblins
  4 hobgoblins
  2 jackals (D:3)
  3 quokkas (D:1)
  5 ball pythons
  9 bats
  2 frilled lizards
  7 kobolds
  2 rats
66 creatures vanquished.

Vanquished Creatures (collateral kills)
  A water moccasin skeleton (D:4)
  An orc priest (D:4)
  2 orc wizards (D:4)
  A hound skeleton (D:4)
  A howler monkey skeleton (D:4)
  A gnoll (D:4)
  A worm (D:3)
  A dart slug (D:2)
  3 orcs
  A goblin (D:3)
  3 hobgoblins
  A quokka (D:3)
  A ball python (D:4)
  A kobold (D:4)
19 creatures vanquished.

Vanquished Creatures (others)
  A knight (D:4)
1 creature vanquished.

Grand Total: 86 creatures vanquished

Notes
Turn   | Place    | Note
-------+----------+-------------------------------------------
     0 | D:1      | Lathuz the Gargoyle Fighter began the quest for the Orb.
     0 | D:1      | Reached XP level 1. HP: 14/14 MP: 1/1
   199 | D:1      | Reached XP level 2. HP: 18/19 MP: 2/2
   608 | D:1      | Reached XP level 3. HP: 23/23 MP: 3/3
  1454 | D:2      | Reached XP level 4. HP: 29/29 MP: 4/4
  1455 | D:2      | Found a faded altar of an unknown god.
  1481 | D:2      | Prayed at the altar of an unknown god.
  1481 | D:2      | Became a worshipper of Hepliaklqana the Forgotten
  1481 | D:2      | Reached * piety under Hepliaklqana
  2059 | D:3      | Found a shadowy altar of Dithmenos.
  2315 | D:3      | Reached ** piety under Hepliaklqana
  2316 | D:3      | Remembered your ancestor Jenske as a knight
  2373 | D:3      | Reached skill level 1 in Maces & Flails
  2373 | D:3      | Reached XP level 5. HP: 25/29 MP: 5/5
  2611 | D:3      | Found Pezuagom's Antique Armour Shoppe.
  2938 | D:4      | Found Ifycej's Magic Scroll Shop.
  2959 | D:4      | Bought a scroll of blinking for 82 gold pieces
  3001 | D:4      | Noticed an ogre
  3149 | D:4      | Reached XP level 6. HP: 34/34 MP: 6/6
  3880 | D:4      | Reached XP level 7. HP: 15/39 MP: 7/7
  4102 | D:4      | Noticed Menkaure
  4113 | D:4      | Killed Menkaure
  4252 | D:4      | Reached skill level 5 in Armour
  4314 | D:4      | Reached skill level 5 in Shields
  4335 | D:4      | Slain by an orc

Illustrated notes

Levels and vault maps discovered:
D:1:      dpeg_arrival_windows_large_door, layout_loops_ring, item_on_display_a
D:2:      layout_basic, chequers_ecumenical_altar_simple_redux
D:3:      layout_loops_ring, mainiacjoe_overflow_24_doors, serial_shops, shop
D:4:      layout_gridville, serial_shops, nicolae_diamond_shop,
          minmay_misc_feat_more_columns, nicolae_elevator_lobby_plus,
          uniq_menkaure

Skill      XL: |  1  2  3  4  5  6  7 |
---------------+----------------------+-----
Axes           | 2 |  2.9
Fighting       | 4 |  4.9
Maces & Flails | 1 2 3 |  3.9
Armour         | 4 5 |  5.0
Shields        | 4 5 |  5.0

Action                   |  1- 3 |  4- 6 |  7- 9 || total
-------------------------+-------+-------+-------++-------
Melee: War axe           |   107 |    11 |       ||   118
       Flail             |       |   114 |    28 ||   142
       Mace              |       |    19 |       ||    19
Throw: Stone             |    18 |       |       ||    18
Invok: Ancestor Life: Kn |       |     1 |       ||     1
       Ancestor Identity |       |     1 |       ||     1
       Recall Ancestor   |       |     2 |       ||     2
  Use: Scroll            |     1 |     3 |       ||     4
Armor: Scale mail        |    75 |    99 |    18 ||   192
Dodge: Dodged            |    63 |    68 |    22 ||   153
Block: Buckler           |    28 |    18 |     5 ||    51
